3AA
BATTLE GROUND AEROS @ FT. POLK SOUTH THUNDER HAWKS
09/01/2021
 
TOP OF THE 1ST
Battle Ground Aeros batting - Pitching for Ft. Polk South Thunder Hawks : RHP Jeff Moore
Pitching: RHP Jeff Moore
Batting: RHB Raúl Guerrero 0-0: Ball
1-0: Called Strike
1-1: Fly out, F3 (Popup, 23F)
Batting: RHB Jim Unknown 0-0: Ball
1-0: Ball
2-0: Ground out 1-3 (Groundball, 15)
Batting: SHB Jim Unknown 0-0: Ball
1-0: Called Strike
1-1: Called Strike
1-2: Strikes out looking
Top of the 1st over - 0 run(s), 0 hit(s), 0 error(s), 0 left on base; Battle Ground 0 - Ft. Polk South 0
BOTTOM OF THE 1ST
Ft. Polk South Thunder Hawks batting - Pitching for Battle Ground Aeros : LHP Cyrille Bertoletti
Pitching: LHP Cyrille Bertoletti
Batting: LHB Jim Unknown 0-0: Swinging Strike
0-1: Ball
1-1: Swinging Strike
1-2: Foul Ball, location: 2F
1-2: Foul Ball, location: 2F
1-2: Foul Ball, location: 2F
1-2: DOUBLE (Flyball, 78XD)
Batting: RHB Alfredo González 0-0: Ball
1-0: Fly out, F8 (Flyball, 8RD)
Runner from 2nd tags up, SAFE at 3rd, no throw
Batting: RHB Héctor López 0-0: Foul Ball, location: 2F
0-1: Ball
1-1: Called Strike
1-2: SINGLE (Groundball, 34D)
Jim Unknown scores
Batting: SHB Ted Hansen 0-0: Fly out, F8 (Flyball, 78D)
Batting: RHB Steven Grant 0-0: Ball
Héctor López steals 2nd base
1-0: Ball
2-0: Fly out, F8 (Line Drive, 8LD)
Bottom of the 1st over - 1 run(s), 2 hit(s), 0 error(s), 1 left on base; Battle Ground 0 - Ft. Polk South 1
TOP OF THE 2ND
Battle Ground Aeros batting - Pitching for Ft. Polk South Thunder Hawks : RHP Jeff Moore
Batting: RHB Jim Unknown 0-0: Ground out 5-3 (Groundball, 5S)
Batting: RHB Jim Unknown 0-0: Ball
1-0: Ball
2-0: Ball
3-0: Base on Balls
Batting: RHB Jim Unknown 0-0: Called Strike
0-1: Ball
1-1: Ball
2-1: Swinging Strike
2-2: Strikes out looking
Batting: RHB Jorge Rivera 0-0: Fly out, F9 (Flyball, 9M)
Top of the 2nd over - 0 run(s), 0 hit(s), 0 error(s), 1 left on base; Battle Ground 0 - Ft. Polk South 1
BOTTOM OF THE 2ND
Ft. Polk South Thunder Hawks batting - Pitching for Battle Ground Aeros : LHP Cyrille Bertoletti
Batting: SHB Paul Wright 0-0: Hit by Pitch
Batting: RHB Clark Calhoun 0-0: Ball
1-0: DOUBLE (Flyball, 7LM)
Paul Wright to third
Runner from 3rd tries for Home, throw and OUT!
Batting: RHB Joe Murray 0-0: Reached on error, E6 (Groundball, 6)
Clark Calhoun to third
Batting: RHB Tim Norris 0-0: Ball
1-0: Ball
2-0: Called Strike
2-1: Foul Ball, location: 2F
2-2: Strikes out swinging
Batting: LHB Jim Unknown 0-0: Swinging Strike
0-1: SINGLE (Groundball, 34S)
Clark Calhoun scores
Joe Murray to second
Runner from 2nd tries for 3rd, SAFE, no throw or cutoff
Batting: RHB Alfredo González 0-0: Ball
1-0: Fly out, F8 (Line Drive, 78M)
Bottom of the 2nd over - 1 run(s), 2 hit(s), 1 error(s), 2 left on base; Battle Ground 0 - Ft. Polk South 2
TOP OF THE 3RD
Battle Ground Aeros batting - Pitching for Ft. Polk South Thunder Hawks : RHP Jeff Moore
Batting: LHB Jim Unknown 0-0: Ball
1-0: Ball
2-0: SINGLE (Groundball, 5D)
Batting: LHB Jim Unknown 0-0: Called Strike
0-1: Called Strike
0-2: Ball
1-2: Ball
2-2: SINGLE (Groundball, 6MD)
Jim Unknown to second
Batting: RHB Raúl Guerrero 0-0: Ball
1-0: Ball
2-0: Ball
3-0: Foul Ball, location: 2F
3-1: Base on Balls
Jim Unknown to third
Jim Unknown to second
Batting: RHB Jim Unknown 0-0: Called Strike
0-1: Fly out, F7 (Line Drive, 7D)
Runner from 3rd tags up, SCORES, no throw
Batting: SHB Jim Unknown 0-0: Swinging Strike
0-1: Foul Ball, location: 2F
0-2: Strikes out swinging
Batting: RHB Jim Unknown 0-0: Foul Ball, location: 2F
0-1: Called Strike
0-2: Ball
1-2: Foul Ball, location: 2F
1-2: Ball
2-2: Strikes out swinging
Top of the 3rd over - 1 run(s), 2 hit(s), 0 error(s), 2 left on base; Battle Ground 1 - Ft. Polk South 2
BOTTOM OF THE 3RD
Ft. Polk South Thunder Hawks batting - Pitching for Battle Ground Aeros : LHP Cyrille Bertoletti
Batting: RHB Héctor López 0-0: Called Strike
0-1: Ball
1-1: Foul Ball, location: 2F
1-2: Strikes out swinging
Batting: SHB Ted Hansen 0-0: Called Strike
0-1: Ball
1-1: Swinging Strike
1-2: Ball
2-2: Foul Ball, location: 2F
2-2: Foul Ball, location: 2F
2-2: Foul Ball, location: 2F
2-2: SINGLE (Flyball, 8LS)
Batting: RHB Steven Grant 0-0: DOUBLE (Flyball, 8LM)
Ted Hansen to third
Batting: SHB Paul Wright 0-0: Swinging Strike
0-1: Foul Ball, location: 2F
0-2: Strikes out swinging
Batting: RHB Clark Calhoun 0-0: Ball
1-0: Called Strike
1-1: Swinging Strike
1-2: Foul Ball, location: 2F
1-2: Ball
2-2: Strikes out looking
Bottom of the 3rd over - 0 run(s), 2 hit(s), 0 error(s), 2 left on base; Battle Ground 1 - Ft. Polk South 2
TOP OF THE 4TH
Battle Ground Aeros batting - Pitching for Ft. Polk South Thunder Hawks : RHP Jeff Moore
Batting: RHB Jim Unknown 0-0: Ball
1-0: Called Strike
1-1: Fly out, F8 (Flyball, 8LD)
Batting: RHB Jim Unknown 0-0: Ball
1-0: Ball
2-0: Ball
3-0: Base on Balls
Batting: RHB Jorge Rivera 0-0: Ball
1-0: Ball
2-0: SINGLE (Line Drive, 34D)
Jim Unknown to second
Throwing error, E9
Jim Unknown scores
Jorge Rivera to second
Batting: LHB Jim Unknown 0-0: Ball
1-0: Ball
2-0: Ball
3-0: Swinging Strike
3-1: Foul Ball, location: 2F
3-2: Base on Balls
Batting: LHB Jim Unknown 0-0: Foul Ball, location: 2F
0-1: Called Strike
0-2: Fly out, F8 (Flyball, 8LXD)
Runner from 2nd tags up, SAFE at 3rd, no throw
Batting: RHB Raúl Guerrero 0-0: SINGLE (Line Drive, 7LS)
Jorge Rivera scores
Jim Unknown to second
Batting: RHB Jim Unknown 0-0: Ball
1-0: Ball
2-0: Ball
3-0: Called Strike
3-1: Swinging Strike
3-2: Base on Balls
Jim Unknown to third
Raúl Guerrero to second
Batting: SHB Jim Unknown 0-0: Ball
1-0: Foul Ball, location: 2F
1-1: Swinging Strike
1-2: Foul Ball, location: 2F
1-2: Fly out, F4 (Line Drive, 4)
Top of the 4th over - 2 run(s), 2 hit(s), 1 error(s), 3 left on base; Battle Ground 3 - Ft. Polk South 2
BOTTOM OF THE 4TH
Ft. Polk South Thunder Hawks batting - Pitching for Battle Ground Aeros : LHP Cyrille Bertoletti
Batting: RHB Joe Murray 0-0: Swinging Strike
0-1: Ball
1-1: Ball
2-1: Swinging Strike
2-2: Fly out, F7 (Flyball, 78M)
Batting: RHB Tim Norris 0-0: Ball
1-0: Fly out, F9 (Popup, 4D)
Batting: LHB Jim Unknown 0-0: Ball
1-0: Ball
2-0: Foul Ball, location: 2F
2-1: Ground out 3-1 (Groundball, 34S)
Bottom of the 4th over - 0 run(s), 0 hit(s), 0 error(s), 0 left on base; Battle Ground 3 - Ft. Polk South 2
TOP OF THE 5TH
Battle Ground Aeros batting - Pitching for Ft. Polk South Thunder Hawks : RHP Jeff Moore
Batting: RHB Jim Unknown 0-0: Ball
1-0: Ball
2-0: SINGLE (Line Drive, 56)
Batting: RHB Jim Unknown 0-0: Called Strike
0-1: Ball
1-1: Swinging Strike
1-2: DOUBLE (Line Drive, 89M)
Jim Unknown to third
Batting: RHB Jim Unknown 0-0: Ball
1-0: Ball
2-0: SINGLE (Line Drive, 5D)
Jim Unknown scores
Jim Unknown to third
Batting: RHB Jorge Rivera 0-0: Ground out 5-3 (Groundball, 5)
Jim Unknown to second
Batting: LHB Jim Unknown 0-0: Foul Ball, location: 2F
0-1: Foul Ball, location: 2F
0-2: Foul Ball, location: 2F
0-2: Strikes out looking
Batting: LHB Jim Unknown 0-0: Ground out 1-3 (Groundball, 13)
Top of the 5th over - 1 run(s), 3 hit(s), 0 error(s), 2 left on base; Battle Ground 4 - Ft. Polk South 2
BOTTOM OF THE 5TH
Ft. Polk South Thunder Hawks batting - Pitching for Battle Ground Aeros : LHP Cyrille Bertoletti
Batting: RHB Alfredo González 0-0: Called Strike
0-1: Ball
1-1: Called Strike
1-2: Ball
2-2: Ball
3-2: Fly out, F5 (Popup, 5)
Batting: RHB Héctor López 0-0: Ball
1-0: Swinging Strike
1-1: Swinging Strike
1-2: Ball
2-2: Foul Ball, location: 2F
2-2: Ball
3-2: Strikes out swinging
Batting: SHB Ted Hansen 0-0: Ball
1-0: Ball
2-0: Ball
3-0: Called Strike
3-1: Foul Ball, location: 2F
3-2: Base on Balls
Batting: RHB Steven Grant 0-0: Called Strike
0-1: Ball
1-1: Called Strike
1-2: Strikes out swinging
Bottom of the 5th over - 0 run(s), 0 hit(s), 0 error(s), 1 left on base; Battle Ground 4 - Ft. Polk South 2
TOP OF THE 6TH
Battle Ground Aeros batting - Pitching for Ft. Polk South Thunder Hawks : RHP Jeff Moore
Batting: RHB Raúl Guerrero 0-0: Ball
1-0: Ball
2-0: Ball
3-0: Foul Ball, location: 2F
3-1: Base on Balls
Batting: RHB Jim Unknown 0-0: Sac Bunt - play at first, batter OUT! 1-4
Raúl Guerrero to second
Batting: SHB Jim Unknown 0-0: SINGLE (Groundball, 5D)
Raúl Guerrero to third
Runner from 3rd tries for Home, SAFE, no throw or cutoff
Batting: RHB Jim Unknown 0-0: Ball
1-0: SINGLE (Groundball, 6)
Jim Unknown to second
Batting: RHB Jim Unknown 0-0: Ball
Jim Unknown steals 3rd base
Jim Unknown to second
1-0: Intentional Walk
Pitching: RHP Ricardo Gómez
Batting: RHB Jim Unknown 0-0: Ball
1-0: Called Strike
1-1: Foul Ball, location: 2F
1-2: Ground out 5-3 (Groundball, 56S)
Jim Unknown scores
Jim Unknown to third
Jim Unknown to second
Batting: RHB Jorge Rivera 0-0: Swinging Strike
0-1: Called Strike
0-2: Ball
1-2: Fly out, F8 (Flyball, 8LM)
Top of the 6th over - 2 run(s), 2 hit(s), 0 error(s), 2 left on base; Battle Ground 6 - Ft. Polk South 2
BOTTOM OF THE 6TH
Ft. Polk South Thunder Hawks batting - Pitching for Battle Ground Aeros : LHP Cyrille Bertoletti
Batting: SHB Paul Wright 0-0: Ball
1-0: Called Strike
1-1: Foul Ball, location: 2F
1-2: Strikes out swinging
Batting: RHB Clark Calhoun 0-0: Ground out 5-3 (Groundball, 56S)
Batting: RHB Joe Murray 0-0: Called Strike
0-1: Swinging Strike
0-2: Ball
1-2: Ball
2-2: Strikes out swinging
Bottom of the 6th over - 0 run(s), 0 hit(s), 0 error(s), 0 left on base; Battle Ground 6 - Ft. Polk South 2
TOP OF THE 7TH
Battle Ground Aeros batting - Pitching for Ft. Polk South Thunder Hawks : RHP Ricardo Gómez
Batting: LHB Jim Unknown 0-0: Called Strike
0-1: Ball
1-1: Ball
2-1: Ball
3-1: Foul Ball, location: 2F
3-2: SINGLE (Groundball, 34D)
Batting: LHB Jim Unknown 0-0: Ball
1-0: Swinging Strike
1-1: Ball
2-1: Ball
3-1: Base on Balls
Jim Unknown to second
Batting: RHB Raúl Guerrero 0-0: Sac Bunt - play at first, batter OUT! 1-3
Jim Unknown to third
Jim Unknown to second
Batting: RHB Jim Unknown 0-0: Called Strike
0-1: Foul Ball, location: 2F
0-2: Ball
1-2: Ground out 1-3 (Groundball, 13)
Batting: SHB Jim Unknown 0-0: Called Strike
0-1: Fly out, F7 (Line Drive, 78M)
Top of the 7th over - 0 run(s), 1 hit(s), 0 error(s), 2 left on base; Battle Ground 6 - Ft. Polk South 2
BOTTOM OF THE 7TH
Ft. Polk South Thunder Hawks batting - Pitching for Battle Ground Aeros : LHP Cyrille Bertoletti
Batting: RHB Tim Norris 0-0: Ground out 4-3 (Groundball, 4)
Batting: LHB Jim Unknown 0-0: Called Strike
0-1: Foul Ball, location: 2F
0-2: SINGLE (Line Drive, 6MD)
Batting: RHB Alfredo González 0-0: Foul Ball, location: 2F
0-1: Called Strike
0-2: Ball
1-2: Ball
2-2: Ball
3-2: Strikes out swinging
Batting: RHB Héctor López 0-0: Called Strike
0-1: SINGLE (Groundball, 56D)
Jim Unknown to second
Batting: SHB Ted Hansen 0-0: Called Strike
0-1: Swinging Strike
0-2: Ball
1-2: Ball
2-2: Foul Ball, location: 2F
2-2: SINGLE (Line Drive, 7S)
Jim Unknown to third
Héctor López to second
Batting: RHB Steven Grant 0-0: Ball
1-0: Ball
2-0: Fly out, F7 (Flyball, 7M)
Bottom of the 7th over - 0 run(s), 3 hit(s), 0 error(s), 3 left on base; Battle Ground 6 - Ft. Polk South 2
TOP OF THE 8TH
Battle Ground Aeros batting - Pitching for Ft. Polk South Thunder Hawks : RHP Ricardo Gómez
Batting: RHB Jim Unknown 0-0: Ball
1-0: Ball
2-0: Called Strike
2-1: Swinging Strike
2-2: Ground out 5-3 (Groundball, 5L)
Batting: RHB Jim Unknown 0-0: Ball
1-0: Called Strike
1-1: Fly out, F4 (Popup, 34)
Batting: RHB Jim Unknown 0-0: Ball
1-0: Called Strike
1-1: Ball
2-1: Ball
3-1: Called Strike
3-2: Foul Ball, location: 2F
3-2: Base on Balls
Batting: RHB Jorge Rivera 0-0: Ball
1-0: Ball
2-0: Ball
3-0: Base on Balls
Jim Unknown to second
Batting: LHB Jim Unknown 0-0: Swinging Strike
0-1: Ball
1-1: Ball
2-1: Called Strike
2-2: Fly out, F8 (Flyball, 8LM)
Top of the 8th over - 0 run(s), 0 hit(s), 0 error(s), 2 left on base; Battle Ground 6 - Ft. Polk South 2
BOTTOM OF THE 8TH
Ft. Polk South Thunder Hawks batting - Pitching for Battle Ground Aeros : LHP Cyrille Bertoletti
Batting: SHB Paul Wright 0-0: Ball
1-0: SINGLE (Line Drive, 78S)
Batting: RHB Clark Calhoun 0-0: Ball
1-0: Ball
2-0: Ball
3-0: Called Strike
3-1: Foul Ball, location: 2F
3-2: Base on Balls
Paul Wright to second
Pitching: RHP Ángel Rivera
Batting: RHB Joe Murray 0-0: Ball
1-0: Swinging Strike
1-1: Foul Ball, location: 2F
1-2: Strikes out swinging
Pitching: RHP Jen-djieh Si
Batting: RHB Tim Norris 0-0: Ball
1-0: Ball
2-0: Fly out, F3 (Popup, 3F)
Pitching: LHP Dan Drew
Batting: LHB Jim Unknown 0-0: Swinging Strike
0-1: Ball
1-1: Swinging Strike
1-2: Foul Ball, location: 2F
1-2: Strikes out swinging
Bottom of the 8th over - 0 run(s), 1 hit(s), 0 error(s), 2 left on base; Battle Ground 6 - Ft. Polk South 2
TOP OF THE 9TH
Battle Ground Aeros batting - Pitching for Ft. Polk South Thunder Hawks : RHP Ricardo Gómez
Batting: LHB Jim Unknown 0-0: Ball
1-0: Ball
2-0: Foul Ball, location: 2F
2-1: Foul Ball, location: 2F
2-2: Ground out 5-3 (Groundball, 5L)
Batting: RHB Raúl Guerrero 0-0: SINGLE (Groundball, 56D) (infield hit)
Batting: RHB Jim Unknown 0-0: Called Strike
Raúl Guerrero steals 2nd base
0-1: Fly out, F2 (Popup, 2RF)
Batting: SHB Jim Unknown 0-0: Foul Ball, location: 2F
0-1: Ball
1-1: Foul Ball, location: 2F
1-2: Fly out, F8 (Flyball, 8LS)
Top of the 9th over - 0 run(s), 1 hit(s), 0 error(s), 1 left on base; Battle Ground 6 - Ft. Polk South 2
BOTTOM OF THE 9TH
Ft. Polk South Thunder Hawks batting - Pitching for Battle Ground Aeros : LHP Dan Drew
Batting: RHB Alfredo González 0-0: Called Strike
0-1: Ball
1-1: Ball
2-1: Ground out 5-3 (Groundball, 56)
Batting: RHB Héctor López 0-0: Ball
1-0: Ball
2-0: Called Strike
2-1: SINGLE (Line Drive, 6MD)
Batting: SHB Ted Hansen 0-0: Called Strike
0-1: Swinging Strike
0-2: Ball
1-2: Strikes out swinging
Batting: RHB Steven Grant 0-0: Swinging Strike
0-1: Swinging Strike
0-2: Strikes out swinging
Bottom of the 9th over - 0 run(s), 1 hit(s), 0 error(s), 1 left on base; Battle Ground 6 - Ft. Polk South 2
This league is powered by Out of the Park Baseball, the baseball management simulation game for PC, Mac and Linux
Friday, January 22nd, 2016 - OOTP Baseball 16.9 Build 39